 Dungeon Crawl Stone Soup version 0.30-a0-335-ge5acde7520 (webtiles) character file.

Game seed: 15160192590196428136

2559 Lobster4 the Grasshopper (level 9, -3/69 HPs)
             Began as a Human Warper on Oct 30, 2022.
             Was a Believer of Fedhas.
             Shot with an arrow by a centaur warrior (18 damage)
             ... on level 8 of the Dungeon.
             The game lasted 00:34:37 (8826 turns).

Lobster4 the Grasshopper (Human Warper)             Turns: 8826, Time: 00:34:37

Health: -3/69      AC:  9    Str: 21    XL:     9   Next: 86%
Magic:  0/16       EV: 12    Int: 17    God:    Fedhas [**....]
Gold:   400        SH:  0    Dex: 14    Spells: 13/18 levels left

rFire   + . .      SeeInvis +    a - +5 longbow of Grontol {vorpal, Will+ Str+4 SInv}
rCold   . . .      Faith    .    (shield currently unavailable)
rNeg    . . .      Spirit   +    z - +1 leather armour {Will+}
rPois   .          Reflect  .    n - +0 helmet
rElec   .          Harm     .    f - +1 cloak
rCorr   .          Rampage  .    H - +0 pair of gloves
Will    ++...                    (no boots)
Stlth   +.........               r - amulet of guardian spirit
HPRegen 0.31/turn                s - ring of protection from fire
MPRegen 0.15/turn                E - +6 ring of strength

@: no status effects
A: no striking features
a: Renounce Religion, Wall of Briars


You were on level 8 of the Dungeon.
You worshipped Fedhas.
Fedhas was pleased with you.
You visited 1 branch of the dungeon, and saw 8 of its levels.
You also visited: Sewer.

You collected 474 gold pieces.
You spent 74 gold pieces at shops.

Inventory:

Hand Weapons
 a - the +5 longbow of Grontol (weapon) {vorpal, Will+ Str+4 SInv}
   (You took it off an orc on level 7 of the Dungeon)

   Any ammunition fired from it inflicts extra damage upon your enemies.
   Str:       It affects your strength (+4).
   SInv:      It lets you see invisible.
   Will:      It increases your willpower.
 b - a +1 falchion of venom
 g - a +0 sling
 v - a +4 flail of protection
 B - a +2 falchion of protection
 D - a +0 whip of electrocution
Missiles
 d - 5 boomerangs of dispersal
 k - 3 javelins
 t - 13 poisoned darts
Armour
 f - a +1 cloak (worn)
 n - a +0 helmet (worn)
 z - a +1 leather armour of willpower (worn)
 F - +0 steam dragon scales
 H - a +0 pair of gloves (worn)
Magical Staves
 m - a staff of poison
Jewellery
 r - an amulet of guardian spirit (around neck)
 s - a ring of protection from fire (left hand)
 C - a ring of see invisible
 E - a +6 ring of strength (right hand)
Wands
 l - a wand of charming (12)
 q - a wand of flame (50)
Scrolls
 c - a scroll of summoning
 h - a scroll of enchant weapon
 x - a scroll of magic mapping {unknown}
 A - 2 scrolls of identify
 G - a scroll of poison {unknown}
Potions
 e - a potion of haste
 i - a potion of berserk rage
 j - 4 potions of invisibility
 o - a potion of magic
 p - 2 potions of brilliance
 u - a potion of cancellation
 w - a potion of lignification


   Skills:
 + Level 5.7 Fighting
 - Level 3.0 Long Blades
 - Level 1.4(2.0) Maces & Flails
 - Level 2.0(2.2) Staves
 + Level 2.1 Ranged Weapons
 - Level 2.0 Throwing
 - Level 5.0 Armour
 - Level 2.0 Dodging
 + Level 5.1 Spellcasting
 + Level 6.1 Translocations
 - Level 2.0 Poison Magic
 - Level 3.0 Invocations
 - Level 3.0 Evocations


You had 13 spell levels left.
You knew the following spells:

 Your Spells              Type           Power      Damage    Failure   Level
a - Blink                 Tloc           50%        N/A       1%          2
b - Teleport Other        Tloc           25%        N/A       3%          3

Your spell library contained the following spells:

 Spells                   Type           Power      Damage    Failure   Level
 Gell's Gravitas          Tloc           25%        N/A       3%          3
 Lesser Beckoning         Tloc           50%        N/A       3%          3
 Manifold Assault         Tloc           25%        N/A       13%         4
 Vhi's Electric Charge    Tloc/Air       28%        N/A       14%         3
 Iskenderun's Mystic Bla  Conj/Tloc      14%        2d5       41%         4
 Dazzling Flash           Conj/Hex       8%         N/A       43%         3
 Yara's Violent Unravell  Hex/Tmut       2%         3d3       99%         5
 Starburst                Conj/Fire      2%         6d3       100%        6
 Enfeeble                 Hex            2%         N/A       100%        7


Dungeon Overview and Level Annotations

Branches:
Dungeon (8/15)             Temple (0/1) D:7           Sewer (visited)
   Lair: D:8-11

Altars:
Dithmenos
Elyvilon
Fedhas
Gozag
Qazlal
Ru
Vehumet

Shops:
D:1 ?[!   D:6 *

Annotations:
D:4 Sigmund


Message History

a +0 club; an orc corpse
There is a stone staircase leading down here.
You see here 5 stones.
There is a stone staircase leading down here.
You climb downwards.
There is a stone staircase leading up here.
Found a pair of gloves.
Found a potion of brilliance.
You see here a +0 pair of gloves.
H - a +0 pair of gloves You start putting on your armour.
You continue putting on your +0 pair of gloves. x4
You finish putting on your +0 pair of gloves.
A centaur warrior comes into view.
The centaur warrior shouts!
The centaur warrior wields a +0 longbow.
The centaur warrior shoots an arrow.
The arrow closely misses you.
A centaur warrior comes into view.
The centaur warrior shoots an arrow.
The arrow hits you!!
A howler monkey comes into view.
As you read the scroll of fog, it crumbles to dust.
The scroll dissolves into smoke.
The centaur warrior shouts!
The centaur warrior wields a +0 shortbow.
The centaur warrior shoots an arrow.
The arrow hits you!!
The centaur warrior shoots an arrow.
The arrow hits you!
A howler monkey comes into view.
The howler monkey howls!
The centaur warrior shoots an arrow.
The arrow completely misses you.
You hear a shout!
You hear an angry buzzing noise.
The centaur warrior shoots an arrow.
The arrow barely misses you.
The centaur warrior shoots an arrow.
The arrow hits you!
As you read the scroll of fog, it crumbles to dust.
The scroll dissolves into smoke.
The centaur warrior shoots an arrow.
The arrow barely misses you.
The centaur warrior shoots an arrow.
The arrow hits you!
* * * LOW HITPOINT WARNING * * *
The centaur warrior shoots an arrow.
The arrow hits you!!
You die...
Fedhas appreciates your contribution to the ecosystem.

###§##..........
###............
#####§§§§§...##..
.....§§§§§...#.#
.....§§§§§.....#
##..§§cc§...##...
..#..§§§#........
...........#....#
#......#@.###...#
##..####<..# ####
#.. #...# #..
##### ..


You could see 2 centaur warriors.

Vanquished Creatures
  2 steam dragons (D:7)
  Edmund (D:4)
  Pargi (D:4)
  A black bear (D:5)
  2 orc warriors (D:6)
  An ice beast (D:7)
  2 sky beasts
  An ogre (D:4)
  A centaur (D:7)
  3 kobold brigands (Sewer)
  3 scorpions
  5 hounds
  6 orc priests
  A jelly (D:6)
  Crazy Yiuf (D:4)
  9 orc wizards
  Robin (D:4)
  12 adders
  3 gnolls
  A river rat (D:4)
  2 white imps (D:7)
  An ufetubus (D:5)
  4 worms
  6 dart slugs
  39 orcs
  11 endoplasms
  3 giant cockroaches
  19 goblins
  7 hobgoblins
  2 jackals (D:5)
  16 kobolds
  A quokka (D:2)
  11 ball pythons
  8 bats
  5 frilled lizards
  15 rats
207 creatures vanquished.

Notes
Turn   | Place    | Note
-------+----------+-------------------------------------------
     0 | D:1      | Lobster4 the Human Warper began the quest for the Orb.
     0 | D:1      | Reached XP level 1. HP: 16/16 MP: 3/3
   140 | D:1      | Reached XP level 2. HP: 18/22 MP: 5/5
   173 | D:1      | Found Hemutaf's Antique Armour Shop.
   379 | D:1      | Found Pikaizeq's Distillery.
   388 | D:1      | Reached XP level 3. HP: 27/27 MP: 6/6
   409 | D:1      | Bought a potion of degeneration for 11 gold pieces
   412 | D:1      | Bought a potion of lignification for 33 gold pieces
   548 | D:1      | Learned a level 2 spell: Blink
   625 | D:1      | Found Gewy's Magic Scroll Shop.
   633 | D:1      | Bought a scroll of identify for 20 gold pieces
   634 | D:1      | Bought a scroll of noise for 10 gold pieces
   796 | D:1      | Found a faded altar of an unknown god.
  1097 | D:2      | Reached XP level 4. HP: 34/34 MP: 7/7
  1876 | D:3      | Found a stormy altar of Qazlal.
  1879 | D:3      | Reached skill level 1 in Evocations
  1879 | D:3      | Reached XP level 5. HP: 39/39 MP: 8/8
  2092 | D:3      | Reached skill level 1 in Staves
  2356 | D:3      | Reached skill level 1 in Poison Magic
  2415 | D:4      | Noticed an ogre
  2572 | D:4      | Found a runed translucent door.
  2573 | D:4      | Noticed Crazy Yiuf
  2581 | D:4      | Killed Crazy Yiuf
  2582 | D:4      | Reached XP level 6. HP: 46/46 MP: 9/9
  2721 | D:4      | Learned a level 3 spell: Teleport Other
  2860 | D:4      | Found a glowing drain.
  2862 | D:4      | Noticed Pargi
  2878 | D:4      | Killed Pargi
  2879 | D:4      | Reached skill level 1 in Ranged Weapons
  2879 | D:4      | Reached XP level 7. HP: 51/52 MP: 8/11
  2902 | Sewer    | Entered a sewer
  3356 | Sewer    | Reached skill level 4 in Translocations
  3681 | D:4      | Reached XP level 8. HP: 31/58 MP: 5/12
  3905 | D:4      | Noticed Edmund
  3931 | D:4      | Killed Edmund
  4118 | D:4      | Noticed Robin
  4132 | D:4      | Killed Robin
  4277 | D:4      | Found a blossoming altar of Fedhas.
  4347 | D:4      | Became a worshipper of Fedhas Madash
  4455 | D:4      | Found a faded altar of an unknown god.
  4455 | D:4      | Noticed Sigmund
  4647 | D:5      | Entered Level 5 of the Dungeon
  4682 | D:5      | Reached skill level 1 in Maces & Flails
  4979 | D:5      | Found a shadowy altar of Dithmenos.
  5376 | D:5      | Found a white marble altar of Elyvilon.
  5768 | D:5      | Reached * piety under Fedhas
  5958 | D:6      | Found a sacrificial altar of Ru.
  6012 | D:6      | Reached skill level 5 in Translocations
  6280 | D:5      | Reached skill level 1 in Invocations
  6387 | D:6      | Reached XP level 9. HP: 64/66 MP: 15/15
  6877 | D:6      | Found Veduly's Assorted Antiques.
  7105 | D:6      | Reached skill level 5 in Fighting
  7350 | D:7      | Found a radiant altar of Vehumet.
  7364 | D:7      | Found an opulent altar of Gozag.
  7603 | D:7      | Reached ** piety under Fedhas
  7664 | D:7      | Found a staircase to the Ecumenical Temple.
  7676 | D:7      | Reached skill level 5 in Armour
  7789 | D:7      | Reached skill level 5 in Spellcasting
  7789 | D:7      | Reached skill level 6 in Translocations
  8280 | D:7      | Identified the +5 longbow of Grontol {vorpal, Will+ Str+4
                  | SInv}
  8814 | D:8      | Noticed a centaur warrior
  8814 | D:8      | Noticed a centaur warrior
  8826 | D:8      | Shot with an arrow by a centaur warrior

Illustrated notes

Levels and vault maps discovered:
D:1:      zaba_arrival_water, layout_loops_ring,
          dilly_ecumenical_altar_fadedgnrine, serial_shops,
          nicolae_shop_advertising_works [nicolae_subvault_shop_adworks],
          nicolae_shop_statue_plus, nicolae_shop_statue_plus
D:2:      layout_rooms
D:3:      layout_basic, nicolae_qazlal_general_emergency
D:4:      layout_loops_ring, beargit_hepliaklqana_dungeon_heroes,
          fedhas_altar_fruit_tree, portal_sewer_entry_a,
          uniq_crazy_yiuf_cottage, uniq_pargi, uniq_robin, uniq_edmund
D:5:      layout_gridville, mainiacjoe_overflow_brackets,
          mainiacjoe_overflow_small_starburst, minmay_misc_feat_iff
D:6:      layout_rooms, hangedman_ru_absence, serial_shops,
          kennysheep_mini_moat, minivault_27, uniq_sigmund
D:7:      layout_basic, mainiacjoe_overflow_catch_the_wave,
          minmay_temple_entry_sparse_star
D:8:      minmay_cut_squares, layout_cave_pools, mainiacjoe_overflow_alcove_4

Skill      XL: |  1  2  3  4  5  6  7  8  9 |
---------------+----------------------------+-----
Evocations     | 1 2 3 |  3.0
Staves         | 1 2 |  2.0
Armour         | 2 3 4 5 |  5.0
Poison Magic   | 1 2 |  2.0
Long Blades    | 3 |  3.0
Fighting       | 3 4 5 |  5.7
Ranged Weapons | 1 2 |  2.1
Throwing       | 2 |  2.0
Spellcasting   | 3 4 5 |  5.1
Translocations | 4 5 6 |  6.1
Maces & Flails | 1 |  1.4
Invocations    | 1 3 |  3.0
Dodging        | |  2.0

Action                   |  1- 3 |  4- 6 |  7- 9 || total
-------------------------+-------+-------+-------++-------
Melee: Falchion          |   133 |   144 |   398 ||   675
       Punch             |     3 |       |     3 ||     6
       Staff             |    11 |    20 |       ||    31
 Fire: Longbow           |       |       |     9 ||     9
Throw: Boomerang         |     2 |       |       ||     2
       Javelin           |     7 |    11 |     2 ||    20
       Stone             |     4 |       |       ||     4
       Dart              |       |    30 |    94 ||   124
 Cast: Blink             |       |       |     1 ||     1
Evoke: Wand              |       |       |     9 ||     9
  Use: Scroll            |     2 |     8 |    15 ||    25
       Potion            |       |     2 |     5 ||     7
 Stab: Sleeping          |       |       |     1 ||     1
Armor: Leather armour    |    64 |    62 |   134 ||   260
       Skin              |       |    28 |     4 ||    32
       Steam dragon scal |       |       |    13 ||    13
Dodge: Dodged            |   130 |    90 |   246 ||   466

Table legend: (Time is in decaauts)
 A = Elapsed time spent in this place.
 B = Non-inter-level travel time spent in this place.
 C = Inter-level travel time spent in this place.
 D = Time resting spent in this place.
 E = Time spent auto-exploring this place.
 F = Levels seen in this place.
 G = Mean time per level.
                   A        B        C        D        E       F      G
               +--------+--------+--------+--------+--------+-----+--------+
         Total |   9035 |   8590 |    445 |   1647 |   3934 |   9 | 1003.9 |
       Dungeon |   8335 |   7890 |    445 |   1404 |   3759 |   8 | 1041.9 |
         Sewer |    699 |    699 |      0 |    243 |    175 |   1 |  699.0 |
               +--------+--------+--------+--------+--------+-----+--------+

Top non-repeatable levels by time:
     D:5: 1633 daAuts
     D:4: 1609 daAuts
     D:7: 1387 daAuts
     D:6: 1162 daAuts
     D:1: 972 daAuts
     D:3: 929 daAuts
   Sewer: 699 daAuts
     D:2: 596 daAuts
     D:8: 43 daAuts
